 Dungeon Crawl Stone Soup version 0.20.1-1-g8b1a95d (webtiles) character file.

4249 Peloso the Carver (level 10, -2/86 HPs)
             Began as a Minotaur Fighter on July 22, 2017.
             Was a Priest of Okawaru.
             Slain by a killer bee (7 damage)
             ... on level 8 of the Dungeon.
             The game lasted 00:15:51 (6840 turns).

Peloso the Carver (Minotaur Fighter)                Turns: 6840, Time: 00:15:52

Health: -2/86      AC: 17    Str: 22    XL:     10   Next: 9%
Magic:  9/9        EV:  6    Int:  3    God:    Okawaru [***...]
Gold:   535        SH: 14    Dex: 12    Spells: 9/9 levels left

rFire    + . .     SeeInvis .   a - +0 long sword
rCold    x . .     Gourm    .   c - +0 shield
rNeg     . . .     Faith    .   j - +0 plate armour
rPois    .         Spirit   .   k - +2 hat
rElec    .         Reflect  +   (no cloak)
rCorr    .         Harm     .   (no gloves)
MR       .....                  u - +0 pair of boots
Stlth    ..........             o - +2 amulet of reflection
Regen    0.3/turn               n - ring of fire
MPRegen  0.2/turn               J - -2 ring of intelligence (curse)

@: about to teleport, hasted and slowed
A: retaliatory headbutt, horns 2
a: Heroism, Renounce Religion


You were on level 8 of the Dungeon.
You worshipped Okawaru.
Okawaru was most pleased with you.
You were very hungry.

You visited 2 branches of the dungeon, and saw 9 of its levels.

You collected 535 gold pieces.

Inventory:

Hand Weapons
 a - a +0 long sword (weapon)
 E - a +3 dagger
Armour
 c - a +0 shield (worn)
 j - a +0 plate armour (worn)
 k - a +2 hat (worn)
 u - a +0 pair of boots (worn)
Jewellery
 n - a ring of fire (left hand)
 o - a +2 amulet of reflection (around neck)
 J - a cursed -2 ring of intelligence (right hand)
Wands
 C - a wand of random effects (11/48)
 L - a wand of confusion (13/48)
Scrolls
 b - a scroll of enchant weapon {unknown}
 h - a scroll of identify
 i - a scroll of recharging
 l - a scroll of teleportation
 m - a scroll of noise {unknown}
 w - a scroll of enchant armour {unknown}
 A - a scroll of fog {unknown}
 B - a scroll of vulnerability {unknown}
 D - a scroll of fear {unknown}
 G - a scroll of summoning {unknown}
 H - 5 scrolls of remove curse
 I - 3 scrolls of amnesia {unknown}
 K - 3 scrolls of acquirement {unknown}
Potions
 d - a potion of might
 e - a potion of heal wounds
 q - a potion of curing
 t - 2 potions of haste
 v - 5 potions of brilliance
 x - a potion of cancellation
 z - 2 potions of mutation {unknown}
 F - a potion of lignification {unknown}
Books
 y - a book of Necromancy

   Spells                             Type                      Level
   a - Pain                           Necromancy                   1
   b - Animate Skeleton               Necromancy                   1
   c - Vampiric Draining              Necromancy                   3
   d - Regeneration                   Charms/Necromancy            3
   e - Animate Dead                   Necromancy                   4
   f - Control Undead                 Necromancy                   4
Comestibles
 f - 9 bread rations
 g - 7 fruits
 r - 3 royal jellies
 s - 5 meat rations


   Skills:
 + Level 7.6 Fighting
 + Level 10.4 Long Blades
 + Level 9.3 Armour
 + Level 1.9 Dodging
 + Level 0.8 Stealth
 + Level 9.4 Shields
 + Level 0.6 Invocations
 + Level 0.3 Evocations


You had 9 spell levels left.
You didn't know any spells.

Dungeon Overview and Level Annotations

Branches:
Dungeon (8/15)             Temple (1/1) D:6
   Lair: D:8-11

Altars:
Cheibriados
Elyvilon
Fedhas
Gozag
Kikubaaqudgha
Makhleb
Nemelex Xobeh
Okawaru
Sif Muna
Trog
Xom
Yredelemnul
Zin
The Shining One

Shops:
D:6 =


Innate Abilities, Weirdness & Mutations

You reflexively headbutt those who attack you in melee.
You have a pair of horns on your head.


Message History

You block the killer bee's attack.
Unknown command.
Unknown command.
The killer bee stings you but does no damage.
The electric eel shoots out a bolt of lightning at you!
The bolt of electricity hits you!
* * * LOW HITPOINT WARNING * * *
The bolt of electricity hits the plant.
The killer bee stings you but does no damage.
What are your orders? t - Shout!
Orders for allies: a - Attack new target. p - Attack previous target. r - Retreat! s - Stop attacking. g - Guard the area. f - Follow me.
Anything else - Cancel.
Okay, then.
Unknown command.
As you read the scroll of teleportation, it crumbles to dust.
You feel strangely unstable. The killer bee stings you!
You die...

.....##...............O.##♣♣≈≈♣≈P
.....#.........##.......# ≈≈P≈
.....#......♣♣♣♣♣...≈≈..# ♣P≈
.>...+.....♣♣♣♣♣♣♣♣.≈≈≈.+ ≈
....##....≈♣PP≈PPP♣≈≈≈≈.# ....
....♣♣≈≈≈≈≈≈;≈≈♣.≈.#
♣♣♣≈≈≈PPP..≈.....#
.♣≈PP..........O..#
.........y@......?.
.....≈.≈...≈..≈P♣≈P
...♣≈≈.≈≈≈≈≈≈≈≈≈P≈
...≈≈≈≈≈P≈≈≈≈≈≈≈≈P
....≈≈≈≈≈≈≈≈≈≈≈P≈≈
.....♣≈≈P≈≈≈≈≈≈≈≈P
.....♣≈≈≈PP≈≈≈≈♣♣.
.....♣P≈≈♣≈P≈.[.


You could see a two-headed ogre, a killer bee and an electric eel.

Vanquished Creatures
  A two-headed ogre (D:7)
  The ghost of emsyzz the Arsonist, a novice DEFE of Kikubaaqudgha (D:7)
  2 wraiths (D:8)
  A hungry ghost (D:7)
  3 black bears
  An ice beast (D:5)
  5 ogres
  2 centaurs
  2 bullfrogs (D:6)
  A scorpion (D:7)
  5 killer bees
  5 wights (D:6)
  An electric eel (D:8)
  4 howler monkeys
  A quasit (D:7)
  A bullfrog zombie (D:6)
  4 crimson imps
  3 hounds
  2 jellies
  5 orc wizards
  3 orc priests
  A gnoll shaman (D:5)
  4 iguanas
  Terence (D:2)
  6 worker ants
  2 worker ant zombies
  Robin (D:2)
  4 gnolls (D:5)
  4 adders
  A shadow imp (D:6)
  An adder skeleton (D:5)
  4 worms
  4 dart slugs
  9 leopard geckos
  13 orcs
  A ball python (D:4)
  6 bats
  A giant cockroach (D:2)
  18 goblins
  14 hobgoblins
  5 jackals
  12 kobolds
  A quokka (D:3)
  5 frilled lizards
  A leopard gecko skeleton (D:5)
  A quokka zombie (D:6)
  7 rats
180 creatures vanquished.

Notes
Turn   | Place    | Note
-------+----------+-------------------------------------------
     0 | D:1      | Peloso the Minotaur Fighter began the quest for the Orb.
     0 | D:1      | Reached XP level 1. HP: 19/19 MP: 0/0
   222 | D:1      | Reached XP level 2. HP: 26/27 MP: 1/1
   449 | D:1      | Reached XP level 3. HP: 33/33 MP: 2/2
  1093 | D:2      | Reached skill level 3 in Long Blades
  1215 | D:2      | Noticed Terence
  1236 | D:2      | Killed Terence
  1236 | D:2      | Reached XP level 4. HP: 38/40 MP: 3/3
  1283 | D:2      | Noticed Robin
  1306 | D:2      | Killed Robin
  2037 | D:3      | Reached XP level 5. HP: 47/47 MP: 4/4
  2383 | D:3      | Reached skill level 4 in Long Blades
  2586 | D:4      | Reached skill level 1 in Dodging
  2668 | D:4      | Found a sparkling altar of Nemelex Xobeh.
  2711 | D:4      | Found an ancient bone altar of Kikubaaqudgha.
  2796 | D:4      | Reached skill level 5 in Armour
  2810 | D:4      | Reached XP level 6. HP: 42/53 MP: 5/5
  2818 | D:4      | Reached skill level 5 in Long Blades
  2824 | D:4      | Reached skill level 5 in Shields
  3133 | D:4      | Found a deep blue altar of Sif Muna.
  3274 | D:5      | Entered Level 5 of the Dungeon
  3405 | D:5      | Noticed an ice beast
  3408 | D:5      | Killed an ice beast
  3408 | D:5      | Reached skill level 5 in Fighting
  3408 | D:5      | Reached skill level 6 in Long Blades
  3408 | D:5      | Reached XP level 7. HP: 60/61 MP: 6/6
  4014 | D:5      | Reached skill level 7 in Long Blades
  4250 | D:6      | Found Ryosior's Jewellery Shop.
  4262 | D:6      | Reached XP level 8. HP: 66/70 MP: 7/7
  4905 | D:6      | Reached skill level 8 in Long Blades
  5132 | D:6      | Found a staircase to the Ecumenical Temple.
  5141 | Temple   | Entered the Ecumenical Temple
  5176 | Temple   | Became a worshipper of Warmaster Okawaru
  5634 | D:7      | Reached XP level 9. HP: 36/78 MP: 8/8
  5639 | D:7      | Reached skill level 9 in Long Blades
  5726 | D:7      | Noticed emsyzz's ghost (novice DEFE)
  5900 | D:7      | Killed emsyzz's ghost
  5937 | D:7      | Reached * piety under Okawaru
  6080 | D:7      | Found a bloodstained altar of Trog.
  6170 | D:7      | Noticed a two-headed ogre
  6187 | D:7      | Killed a two-headed ogre
  6187 | D:7      | Reached ** piety under Okawaru
  6187 | D:7      | Reached skill level 10 in Long Blades
  6488 | D:7      | Found a glowing silver altar of Zin.
  6489 | D:7      | Found an opulent altar of Gozag.
  6625 | D:8      | Noticed a two-headed ogre
  6788 | D:8      | Reached XP level 10. HP: 50/86 MP: 9/9
  6832 | D:8      | Reached *** piety under Okawaru
  6840 | D:8      | Slain by a killer bee

Skill      XL: |  1  2  3  4  5  6  7  8  9 |
---------------+----------------------------+-----
Armour         | 4 5 6 7 9 |  9.3
Fighting       | 4 5 6 7 |  7.6
Long Blades    | 3 4 6 7 8 10 | 10.4
Shields        | 4 5 7 9 |  9.4
Dodging        | 1 |  1.9
Stealth        | |  0.8
Invocations    | |  0.6
Evocations     | |  0.3

Action                   |  1- 3 |  4- 6 |  7- 9 | 10-12 || total
-------------------------+-------+-------+-------+-------++-------
Melee: Long sword        |   102 |   131 |   384 |    37 ||   654
       Headbutt          |    16 |    33 |    84 |     6 ||   139
Invok: Heroism           |       |       |     1 |     1 ||     2
Evoke: Wand              |       |       |     3 |       ||     3
  Use: Potion            |     1 |       |     2 |     2 ||     5
       Scroll            |       |     6 |     5 |     2 ||    13
  Eat: Chunk             |     1 |     6 |    12 |       ||    19
Armor: Scale mail        |     6 |       |       |       ||     6
       Chain mail        |    49 |    44 |       |       ||    93
       Plate armour      |       |    43 |   221 |    26 ||   290
Dodge: Dodged            |    24 |    35 |    75 |    13 ||   147
Block: Shield            |    59 |    80 |   235 |    36 ||   410
       Rpst.: Long sword |     7 |    11 |    17 |     3 ||    38
